 Dungeon Crawl Stone Soup version 0.31.0-12-g77e489cdc1 (webtiles) character file.

Game seed: 9793212215737009013

165 Marvel the Cudgeller (level 5, -1/53 HPs)
             Began as a Troll Berserker on Feb 15, 2024.
             Was a Believer of Trog.
             Splashed by a jelly's acid (11 damage)
             ... on level 4 of the Dungeon.
             The game lasted 00:02:08 (2552 turns).

Marvel the Cudgeller (Troll Berserker)              Turns: 2552, Time: 00:02:09

Health: -1/53      AC:  0    Str: 27    XL:     5   Next: 22%
Magic:  4/4        EV: 10    Int:  3    God:    Trog [**....]
Gold:   226        SH:  0    Dex:  9    Spells: 4/4 levels left

rFire   + . .        a - +0 mace
rCold   . . .        (no shield)
rNeg    . . .        b - +0 animal skin
rPois   .            (helmet restricted)
rElec   .            (no cloak)
rCorr   .            (gloves unavailable)
SInv    .            (boots unavailable)
Will    .....        (no amulet)
Stlth   +            n - ring of protection from fire
HPRegen 1.08/turn    (no ring)
MPRegen 0.09/turn

%: no passive effects
@: corroded
A: large, unfitting armour, claws 3, regeneration 1, shaggy fur 1, tough skin 1
a: Renounce Religion, Berserk, Trog's Hand


You were on level 4 of the Dungeon.
You worshipped Trog.
Trog was pleased with you.
You visited 1 branch of the dungeon, and saw 4 of its levels.

You collected 226 gold pieces.

Inventory:

Hand Weapons
 a - a +0 mace (weapon)
Missiles
 o - a throwing net (quivered)
Armour
 b - a +0 animal skin (worn)
Jewellery
 n - a ring of protection from fire (left claw)
Scrolls
 c - 4 scrolls of teleportation {unknown}
 f - a scroll of torment {unknown}
 g - a scroll of fog {unknown}
 h - a scroll of silence {unknown}
 i - 5 scrolls of identify {unknown}
 l - a scroll of vulnerability {unknown}
 m - 2 scrolls of immolation {unknown}
 p - a scroll of amnesia {unknown}
 t - a scroll of poison {unknown}
Potions
 d - a potion of ambrosia {unknown}
 e - 2 potions of curing {unknown}
 j - 2 potions of haste {unknown}
 k - a potion of cancellation {unknown}
 q - 2 potions of resistance {unknown}
 r - a potion of heal wounds {unknown}
 s - a potion of lignification {unknown}


   Skills:
 + Level 3.2 Fighting
 + Level 4.0 Maces & Flails
 + Level 3.3 Dodging
 + Level 0.2 Stealth


You had 4 spell levels left.
You didn't know any spells.
Your spell library was empty.

Dungeon Overview and Level Annotations

Branches:
Dungeon (4/15)
 Temple: D:4-7

Altars:

Shops:
D:2 :


Innate Abilities, Weirdness & Mutations

You are too large for most types of armour.
You have claws for hands.
Your natural rate of healing is unusually fast.
You are covered in fur. (AC +1)
You have tough skin. (AC +1)


Message History

The jelly hits you.
You are splashed with acid.
The jelly hits you. The acid corrodes you!
You are splashed with acid!
You are too injured to fight recklessly!
You are too injured to fight recklessly!
You are too injured to fight recklessly!
You are too injured to fight recklessly!
You are too injured to fight recklessly!
You are too injured to fight recklessly!
You are too injured to fight recklessly!
You are too injured to fight recklessly!
You are too injured to fight recklessly!
You are too injured to fight recklessly!
You are too injured to fight recklessly!
You are too injured to fight recklessly!
You are too injured to fight recklessly!
You are too injured to fight recklessly!
You are too injured to fight recklessly!
You are too injured to fight recklessly!
You are too injured to fight recklessly!
You are too injured to fight recklessly!
You are too injured to fight recklessly!
You are too injured to fight recklessly!
You are too injured to fight recklessly!
You are too injured to fight recklessly!
You are too injured to fight recklessly!
You are too injured to fight recklessly!
You are too injured to fight recklessly!
You are too injured to fight recklessly!
You are too injured to fight recklessly!
You barely miss the jelly.
The jelly is heavily wounded.
The jelly hits you.
You are splashed with acid!
* * * LOW HITPOINT WARNING * * *
You hit the jelly.
Your claws burn!
* * * LOW HITPOINT WARNING * * *
The jelly is severely wounded.
The jelly hits you.
* * * LOW HITPOINT WARNING * * *
You are splashed with acid!
You die...

###+#...####
#.#..........
#......#....###...#..#
#......#....# ...#..#
####...#....##
#...#...... #.....#
##....# +.....#
##.@..# #.J..#
#....... ##...####
#...# #####


You could see a jelly.

Vanquished Creatures
  An iguana (D:3)
  4 gnolls (D:3)
  4 adders
  A dart slug (D:2)
  A ribbon worm (D:2)
  4 endoplasms
  2 giant cockroaches (D:1)
  7 goblins
  2 hobgoblins
  12 jackals
  6 quokkas
  3 ball pythons
  3 bats
  3 frilled lizards
  4 kobolds
  5 rats
62 creatures vanquished.

Notes
Turn   | Place    | Note
-------+----------+-------------------------------------------
     0 | D:1      | Marvel the Troll Berserker began the quest for the Orb.
     0 | D:1      | Reached XP level 1. HP: 22/22 MP: 0/0
   320 | D:1      | Reached XP level 2. HP: 26/29 MP: 1/1
   426 | D:1      | Found a faded altar of an unknown god.
   911 | D:2      | Found Fiud's Book Shop.
   920 | D:2      | Reached skill level 3 in Maces & Flails
   950 | D:2      | Reached XP level 3. HP: 36/36 MP: 2/2
  1037 | D:2      | Reached ** piety under Trog
  1299 | D:2      | Reached XP level 4. HP: 31/44 MP: 3/3
  2261 | D:3      | Reached XP level 5. HP: 43/53 MP: 4/4
  2263 | D:3      | Reached skill level 4 in Maces & Flails
  2552 | D:4      | Splashed by a jelly's acid

Illustrated notes

Levels and vault maps discovered:
D:1:      beargit_arrival_greenhouse, layout_basic,
          shapermc_ecumenical_altar_petra, serial_curves, eino_curves_04,
          eino_curves_01, ebering_dispersal_statue_hall,
          chequers_serial_rivers_room_a, nrook_mini_vaults
D:2:      layout_rooms, serial_shops, shop
D:3:      layout_loops_corners
D:4:      layout_basic, minivault_1, grunt_decor_resistance

Skill      XL: |  1  2  3  4  5 |
---------------+----------------+-----
Maces & Flails | 3 4 |  4.0
Dodging        | 3 |  3.3
Fighting       | 3 |  3.2
Stealth        | |  0.2

Action                     |  1- 3 |  4- 6 || total
---------------------------+-------+-------++-------
  Melee: Mace              |   134 |    80 ||   214
         Punch             |     1 |       ||     1
 Invoke: Berserk           |       |     1 ||     1
   Stab: Sleeping          |       |     1 ||     1
 Armour: Animal skin       |   153 |    59 ||   212
  Dodge: Dodged            |    92 |    51 ||   143
